AoeStats
← Tux_1024

Nomad

507783545Analyzed
3v3 RM · 12d ago on Sep 19, 2026· 56m 56s· 6 players
Game mode
Random Map
Map size
210×210
Population
200
Speed
Normal
Resources
Standard
Victory
Conquest
Starting age
Dark Age
Ending age
Imperial Age
RankedLock teamsTeams togetherTeam positionsShared explorationLock speedFull tech treeHidden civsTurbo modeCheats
Victory
Defeat
🇿🇦 Saracens · South Africa
1081
+16
🇨🇳 Mongols · China
1043
+17
🇩🇪 Chinese · Germany
1028
+18
🇲🇽 Goths · Mexico
1090
-18
🇸🇪 Mongols · Sweden
1065
-17
🇧🇷 Persians · Brazil
1058
-16
rms_0489
5:51 Loom
14:02 Feudal Age
21:19 Bloodlines
27:37 Castle Age
26:11 Forging
26:05 Double-Bit Axe
26:54 Scale Barding Armor
28:36 Light Cavalry
29:17 Husbandry
29:19 Fletching
29:29 Padded Archer Armor
30:04 Iron Casting
30:26 Chain Barding Armor
30:53 Scale Mail Armor
34:24 Bodkin Arrow
38:30 Chain Mail Armor
45:30 Wheelbarrow
53:27 Imperial Age
51:56 Gold Mining
53:35 Hand Cart
53:30 Squires
55:18 Blast Furnace
54:38 Horse Collar
56:08 Conscription
rcagulham
11:08 Loom
13:28 Feudal Age
16:06 Double-Bit Axe
20:02 Fletching
25:27 Castle Age
24:43 Gold Mining
24:43 Stone Mining
25:15 Horse Collar
28:21 Bloodlines
28:11 Husbandry
28:25 Forging
35:17 Scale Barding Armor
40:34 Bodkin Arrow
40:40 Padded Archer Armor
40:23 Crossbowman
41:09 Thumb Ring
43:53 Kamandaran
46:17 Ballistics
47:53 Bow Saw
48:20 Leather Archer Armor
53:16 Imperial Age
53:18 Murder Holes
53:53 Conscription
54:35 Chemistry
54:58 Ring Archer Armor
Khan Asparuh
3:48 Loom
13:58 Feudal Age
18:31 Fletching
25:33 Castle Age
25:22 Double-Bit Axe
26:02 Crossbowman
26:51 Bodkin Arrow
37:47 Bloodlines
38:23 Husbandry
45:23 Imperial Age
43:31 Wheelbarrow
43:48 Scale Barding Armor
43:54 Forging
47:19 Chain Barding Armor
47:38 Husbandry
49:40 Iron Casting
51:41 Horse Collar
Tux_1024
3:16 Loom
14:08 Feudal Age
14:43 Double-Bit Axe
15:15 Horse Collar
16:53 Wheelbarrow
23:08 Castle Age
25:11 Bow Saw
25:04 Heavy Plow
29:23 Fletching
31:05 Great Wall
32:55 Bodkin Arrow
33:29 Ballistics
33:45 Elite Skirmisher
35:10 Light Cavalry
36:01 Bloodlines
36:15 Thumb Ring
39:15 Imperial Age
37:48 Husbandry
38:54 Padded Archer Armor
39:00 Scale Barding Armor
39:06 Gold Mining
39:07 Stone Mining
40:19 Conscription
40:32 Forging
40:23 Bracer
40:29 Fishing Lines
41:17 Pikeman
41:59 Squires
43:20 Hand Cart
45:29 Two-Man Saw
45:05 Elite Fire Lancer
48:03 Gold Shaft Mining
48:03 Stone Shaft Mining
50:14 Halberdier
52:41 Arrowslits
53:56 Chemistry
53:07 Masonry
52:53 Murder Holes
53:36 Iron Casting
53:01 Scale Mail Armor
53:17 Leather Archer Armor
53:22 Chain Barding Armor
9630791
5:12 Loom
13:04 Feudal Age
17:57 Castle Age
18:40 Bloodlines
18:44 Light Cavalry
23:10 Horse Collar
28:23 Wheelbarrow
30:07 Fletching
31:50 Bodkin Arrow
32:12 Hand Cart
38:11 Double-Bit Axe
39:04 Heavy Plow
41:15 Bow Saw
42:32 Gold Mining
43:41 Padded Archer Armor
44:18 Thumb Ring
45:21 Leather Archer Armor
45:36 Ballistics
48:30 Imperial Age
47:10 Scale Barding Armor
47:08 Husbandry
47:28 Forging
48:40 Chain Barding Armor
50:21 Chemistry
49:27 Bracer
49:38 Hussar
51:38 Conscription
52:13 Parthian Tactics
52:13 Elite Mangudai
54:34 Iron Casting
57:26 Blast Furnace
Pigger
7:53 Loom
14:34 Feudal Age
15:16 Double-Bit Axe
15:04 Man-at-Arms
15:31 Arson
17:34 Bloodlines
18:06 Horse Collar
21:35 Castle Age
20:09 Scale Mail Armor
23:28 Wheelbarrow
22:45 Town Watch
29:08 Husbandry
32:35 Hand Cart
32:31 Fletching
32:42 Padded Archer Armor
35:15 Heavy Plow
35:27 Bow Saw
38:46 Imperial Age
38:20 Forging
38:05 Bodkin Arrow
38:16 Scale Barding Armor
39:11 Bodkin Arrow
42:09 Chemistry
41:06 Murder Holes
44:02 Parthian Tactics
42:57 Heavy Cavalry Archer
43:43 Thumb Ring
44:35 Iron Casting
44:17 Chain Mail Armor
45:20 Ballistics
46:12 Chain Barding Armor
45:54 Bracer
46:44 Town Patrol
46:55 Siege Engineers
47:03 Masonry
46:35 Treadmill Crane
47:08 Masonry
47:04 Siege Engineers
47:36 Conscription
47:34 Elite Skirmisher
48:39 Heavy Cavalry Archer
50:35 Two-Man Saw
51:04 Leather Archer Armor
53:23 Heavy Camel Rider
57:05 Caravan
57:42 Counterweights
Connection lost

Rejoining the realm…

Still unreachable

The connection could not be restored.

Session expired

The server has moved on; the page needs a fresh start.